 Dungeon Crawl Stone Soup version 0.26.0-10-g1f06aea511 (webtiles) character file.

Game seed: 4006041794103780352

11180 Aviak the Fighter (level 12, -7/99 HPs)
             Began as a Formicid Conjurer on Jan 21, 2021.
             Was a Believer of Uskayaw.
             Mangled by a cane toad (20 damage)
             ... on level 1 of the Lair of Beasts.
             The game lasted 00:21:59 (17351 turns).

Aviak the Fighter (Formicid Conjurer)              Turns: 17351, Time: 00:22:00

Health: -7/99      AC: 13    Str: 23    XL:     12   Next: 4%
Magic:  9/18       EV: 13    Int: 15    God:    Uskayaw [**....]
Gold:   736        SH:  4    Dex:  9    Spells: 12/15 levels left

rFire    + + .     SeeInvis +   T - +2 battleaxe
rCold    + + .     Faith    .   H - +0 buckler
rNeg     + + +     Spirit   .   U - +3 scale mail "Uluudor" {rC++ rN+++ Regen+ Int-5}
rPois    +         Reflect  .   (helmet unavailable)
rElec    .         Harm     .   o - +0 cloak
rCorr    .         Rampage  .   (no gloves)
Will     +....                  B - +0 pair of boots
Stlth    ..........             (no amulet)
HPRegen  0.66/turn              m - ring "Jemnax" {rPois rF++ Int+2}
MPRegen  0.16/turn              p - +6 ring of strength

@: lethally poisoned (-7 -> -10), studying Throwing
A: permanent stasis, dig shafts and tunnels, four strong arms, antennae 3
a: Dig, Shaft Self, Renounce Religion, Stomp, Line Pass


You were on level 1 of the Lair of Beasts.
You worshipped Uskayaw.
Uskayaw was aware of your devotion.
You visited 3 branches of the dungeon, and saw 13 of its levels.

You collected 736 gold pieces.

Inventory:

Hand Weapons
 s - a +0 spear
 y - a +0 broad axe
 E - a +1 vorpal spear
 T - a +2 battleaxe (weapon)
Armour
 o - a +0 cloak (worn)
 B - a +0 pair of boots (worn)
 F - a +2 plate armour of willpower
 H - a +0 buckler (worn)
 L - +0 steam dragon scales
 U - the +3 scale mail "Uluudor" (worn) {rC++ rN+++ Regen+ Int-5}
   (You found it on level 1 of the Lair of Beasts)

   It affects your intelligence (-5).
   It greatly protects you from cold.
   It renders you almost immune to negative energy.
   It increases your rate of regeneration.
Jewellery
 k - a +6 ring of intelligence
 m - the ring "Jemnax" (left hand) {rPois rF++ Int+2}
   (You found it on level 1 of the Lair of Beasts)

   [ring of poison resistance]

   It affects your intelligence (+2).
   It greatly protects you from fire.
   It protects you from poison.
 p - a +6 ring of strength (right hand)
 t - an uncursed ring of fire
 C - an uncursed ring of wizardry
Wands
 K - a wand of flame (13)
 O - a wand of digging (3)
Scrolls
 a - 2 scrolls of random uselessness {unknown}
 d - a scroll of enchant weapon {unknown}
 e - 2 scrolls of enchant armour
 g - 5 scrolls of magic mapping {unknown}
 i - 6 scrolls of identify
 j - 6 scrolls of teleportation {unknown}
 l - 5 scrolls of fear {unknown}
 n - 5 scrolls of amnesia
 q - a scroll of summoning {unknown}
 r - 5 scrolls of remove curse
 u - 2 scrolls of noise {unknown}
 G - 2 scrolls of blinking {unknown}
 M - a scroll of vulnerability {unknown}
 Q - a scroll of holy word {unknown}
Potions
 c - a potion of curing
 f - 3 potions of haste
 v - a potion of magic {unknown}
 w - 2 potions of brilliance {unknown}
 x - a potion of mutation {unknown}
 A - 3 potions of cancellation {unknown}
 D - 2 potions of invisibility {unknown}
 I - a potion of ambrosia {unknown}
 J - a potion of might
 N - a potion of attraction {unknown}
 S - a potion of degeneration {unknown}
Books
 P - a manual of Throwing
Miscellaneous
 R - a tin of tremorstones (inert)


   Skills:
 + Level 10.6 Fighting
 + Level 8.2 Axes
 - Level 6.0 Armour
 - Level 7.4 Dodging
 - Level 2.4 Stealth
 - Level 4.0 Shields
 - Level 2.1 Spellcasting
 + Level 4.0 Conjurations
 - Level 8.7 Invocations
 - Level 2.9 Evocations


You had 12 spell levels left.
You knew the following spells:

 Your Spells              Type           Power        Failure   Level
a - Magic Dart            Conj           52%          10%         1
b - Searing Ray           Conj           26%          16%         2

Your spell library contained the following spells:

 Spells                   Type           Power        Failure   Level
 Shock                    Conj/Air       28%          22%         1
 Animate Skeleton         Necr           2%           45%         1
 Apportation              Tloc           2%           45%         1
 Corona                   Hex            1%           45%         1
 Sandblast                Erth           2%           45%         1
 Summon Small Mammal      Summ           4%           45%         1
 Conjure Flame            Conj/Fire      7%           56%         3
 Dazzling Flash           Conj/Hex       14%          56%         3
 Static Discharge         Conj/Air       7%           56%         3
 Stone Arrow              Conj/Erth      14%          56%         3
 Call Imp                 Summ           1%           61%         2
 Passwall                 Tmut/Erth      0%           61%         2
 Slow                     Hex            1%           61%         2
 Mephitic Cloud           Conj/Pois/Air  5%           65%         3
 Fulminant Prism          Conj/Hex       3%           92%         4
 Iskenderun's Mystic Bla  Conj/Tloc      7%           92%         4
 Airstrike                Air            0%           99%         4
 Petrify                  Tmut/Erth      1%           99%         4
 Lightning Bolt           Conj/Air       3%           99%         5
 Lee's Rapid Deconstruct  Erth           0%           100%        5
 Blink                    Tloc           Unusable     N/A         2
 Swiftness                Air            Unusable     N/A         2

Dungeon Overview and Level Annotations

Branches:
Dungeon (11/15)            Temple (1/1) D:5            Lair (1/6) D:9
    Orc: D:9-12

Altars:
Ashenzari
Cheibriados
Dithmenos
Elyvilon
Fedhas
Gozag
Hepliaklqana
Kikubaaqudgha
Makhleb
Nemelex Xobeh
Okawaru
Qazlal
Ru
Sif Muna
Trog
Uskayaw
Vehumet
Wu Jian
Xom
Yredelemnul
Zin
The Shining One
Beogh
Lugonu

Shops:
D:8 :

Annotations:
D:7 exclusions: door and 2 more exclusions


Innate Abilities, Weirdness & Mutations

You cannot be hasted, slowed, berserked, paralysed or teleported.
You can dig through walls and to a lower floor.
Your four strong arms can wield two-handed weapons with a shield.
You have a pair of large antennae on your head. (SInv)


Message History

f - 3 potions of haste;
s - a +0 spear You slash the cane toad!
The cane toad is heavily wounded.
The cane toad stings you.
* * * LOW HITPOINT WARNING * * *
You are poisoned.
The cane toad poisons you! The cane toad closely misses you.
You can now pass through a line of other dancers.
Unknown command.
You slice the cane toad!!
The cane toad is almost dead.
You feel sick. The cane toad stings you.
* * * LOW HITPOINT WARNING * * *
The cane toad stings you but does no damage.
Unknown command.
Unknown command.
You completely miss the cane toad.
The cane toad is almost dead.
You feel sick. The cane toad stings you!!
You die...

... .. #....### #
. #....## #
#.....##...
#..........
#....###...
#....## #.
.P##.....# ## .
........###.###.#>
...
.........F@.......
###
##################


You could see a cane toad.

Vanquished Creatures
  Snorg (D:10)
  A hydra (Lair:1)
  A black mamba (Lair:1)
  2 cane toads (Lair:1)
  Maggie (D:9)
  A gargoyle (D:11)
  2 trolls
  Grinder (D:3)
  Sigmund (D:2)
  A vampire (D:11)
  A wyvern (D:10)
  6 yaks (Lair:1)
  2 basilisks (Lair:1)
  A water moccasin (Lair:1)
  5 ice beasts
  9 orc warriors
  2 black bears
  4 centaurs
  4 ogres
  3 phantoms
  2 sky beasts
  3 wolves (Lair:1)
  A big kobold (D:7)
  9 bullfrogs
  2 scorpions (D:9)
  7 wights
  3 electric eels (D:7)
  3 howler monkeys
  A lava snake (D:7)
  3 bullfrog zombies
  4 jellies
  A quasit (D:7)
  Crazy Yiuf (D:2)
  5 hounds
  4 bullfrog skeletons
  2 centaur skeletons
  7 orc priests
  4 orc wizards
  3 iguanas
  7 worker ants
  2 hound zombies
  A hound skeleton (D:8)
  10 adders
  4 gnolls
  A shadow imp (D:9)
  4 white imps
  2 ufetubi
  3 oozes
  An adder zombie (D:7)
  2 adder skeletons
  4 worms (D:2)
  4 dart slugs
  5 leopard geckos
  47 orcs
  A ball python (D:3)
  3 bat zombies (D:4)
  6 giant cockroaches
  7 goblins
  12 hobgoblins
  5 jackals
  7 quokkas
  12 bats
  8 frilled lizards
  15 kobolds
  8 rats
  2 rat zombies (D:4)
297 creatures vanquished.

Vanquished Creatures (others)
  A quokka (D:8)
  3 fungi (Lair:1)
  15 plants
19 creatures vanquished.

Grand Total: 316 creatures vanquished

Notes
Turn   | Place    | Note
-------+----------+-------------------------------------------
     0 | D:1      | Aviak the Formicid Conjurer began the quest for the Orb.
     0 | D:1      | Reached XP level 1. HP: 13/13 MP: 3/3
   368 | D:1      | Reached skill level 1 in Fighting
   368 | D:1      | Reached XP level 2. HP: 19/21 MP: 0/5
   732 | D:1      | Reached XP level 3. HP: 27/27 MP: 1/6
   981 | D:1      | Reached skill level 2 in Fighting
  1689 | D:2      | Found a bloodstained altar of Trog.
  1693 | D:2      | Noticed Sigmund
  1735 | D:1      | Learned a level 2 spell: Searing Ray
  1838 | D:2      | Killed Sigmund
  1839 | D:2      | Reached skill level 4 in Fighting
  1839 | D:2      | Reached XP level 4. HP: 36/37 MP: 1/7
  1839 | D:2      | Reached XP level 5. HP: 41/42 MP: 1/8
  1839 | D:2      | Reached XP level 6. HP: 47/48 MP: 1/9
  2417 | D:2      | Found a snail-covered altar of Cheibriados.
  3071 | D:2      | Found a runed translucent door.
  3072 | D:2      | Noticed Crazy Yiuf
  3085 | D:2      | Killed Crazy Yiuf
  3714 | D:3      | Noticed Grinder
  3743 | D:3      | Killed Grinder
  3744 | D:3      | Reached skill level 5 in Fighting
  3744 | D:3      | Reached skill level 1 in Armour
  3744 | D:3      | Reached XP level 7. HP: 11/56 MP: 2/10
  4067 | D:3      | Found a glowing golden altar of the Shining One.
  4129 | D:3      | Reached skill level 5 in Dodging
  4438 | D:4      | Found a radiant altar of Vehumet.
  4728 | D:4      | Found an ancient bone altar of Kikubaaqudgha.
  4884 | D:4      | Found a shadowy altar of Dithmenos.
  5283 | D:4      | Reached XP level 8. HP: 58/64 MP: 11/11
  5617 | D:5      | Entered Level 5 of the Dungeon
  5668 | D:5      | Reached skill level 6 in Fighting
  5668 | D:5      | Reached skill level 1 in Axes
  6543 | D:5      | Reached skill level 7 in Fighting
  6593 | D:5      | Found a staircase to the Ecumenical Temple.
  6608 | Temple   | Entered the Ecumenical Temple
  6662 | Temple   | Became a worshipper of Uskayaw the Reveller
  6843 | D:6      | Reached * piety under Uskayaw
  6849 | D:6      | Reached ** piety under Uskayaw
  6853 | D:6      | Reached skill level 1 in Invocations
  6853 | D:6      | Reached XP level 9. HP: 39/72 MP: 2/12
  7226 | D:6      | Found an ornate altar of the Wu Jian Council.
  7361 | D:6      | Reached *** piety under Uskayaw
  7805 | D:6      | Reached **** piety under Uskayaw
  8031 | D:6      | Found a broken altar of Ashenzari.
  8065 | D:6      | Found a hazy altar of Hepliaklqana.
  8562 | D:7      | Found a shimmering blue altar of Sif Muna.
  8774 | D:7      | Noticed a troll
  8781 | D:7      | Killed a troll
  8782 | D:7      | Reached skill level 8 in Fighting
  9009 | D:7      | Reached skill level 5 in Axes
  9886 | D:7      | Reached XP level 10. HP: 51/80 MP: 8/13
 10954 | D:8      | Reached skill level 5 in Invocations
 11165 | D:8      | Found a basalt altar of Yredelemnul.
 11229 | D:8      | Found Maucyrgh's Book Boutique.
 11240 | D:8      | Found a sacrificial altar of Ru.
 11358 | D:8      | Found a white marble altar of Elyvilon.
 11378 | D:8      | Found a glowing silver altar of Zin.
 11512 | D:9      | Reached skill level 1 in Shields
 11639 | D:9      | Found a sparkling altar of Nemelex Xobeh.
 11649 | D:9      | Found a staircase to the Lair.
 11674 | D:9      | Noticed Maggie
 11683 | D:9      | HP: 1/82 [Maggie/bolt of fire (27)]
 11687 | D:9      | Killed Maggie
 12202 | D:9      | Reached skill level 9 in Fighting
 12797 | D:9      | Reached ***** piety under Uskayaw
 13167 | D:9      | Found a roughly hewn altar of Beogh.
 13721 | D:10     | Entered Level 10 of the Dungeon
 14025 | D:10     | Noticed Snorg
 14058 | D:10     | Reached XP level 11. HP: 74/89 MP: 11/15
 14066 | D:10     | Killed Snorg
 14067 | D:10     | Reached skill level 5 in Armour
 15542 | D:11     | Reached skill level 10 in Fighting
 15615 | D:11     | Noticed a skeletal warrior
 15616 | D:11     | Noticed a skeletal warrior
 15617 | D:11     | Noticed a skeletal warrior
 15618 | D:11     | Noticed a skeletal warrior
 15623 | D:11     | Noticed a skeletal warrior
 15688 | Lair:1   | Entered Level 1 of the Lair of Beasts
 16052 | Lair:1   | Reached skill level 1 in Evocations
 17033 | Lair:1   | Got a glittering steel ring
 17035 | Lair:1   | Identified the ring "Jemnax" {rPois rF++ Int+2} (You found
                  | it on level 1 of the Lair of Beasts)
 17246 | Lair:1   | Got a faintly humming scale mail
 17257 | Lair:1   | Identified the +3 scale mail "Uluudor" {rC++ rN+++ Regen+
                  | Int-5} (You found it on level 1 of the Lair of Beasts)
 17311 | Lair:1   | Noticed a seven-headed hydra
 17347 | Lair:1   | Killed a seven-headed hydra
 17348 | Lair:1   | Reached XP level 12. HP: 24/99 MP: 8/18
 17351 | Lair:1   | Mangled by a cane toad

Illustrated notes

Levels and vault maps discovered:
D:1:      matt_arrival_spirals, layout_basic
D:2:      layout_basic, bloody_trog, kennysheep_slug_shrine, uniq_sigmund,
          uniq_crazy_yiuf_cottage
D:3:      layout_rooms, tso_oasis_becter, uniq_grinder
D:4:      layout_loops_corners, general_overflow_altar,
          lemuel_zombie_altar_kikubaaqudgha, lemuel_round_altar,
          minmay_goblin_kobold_house
D:5:      layout_loops_ring, minmay_temple_entry_mist
D:6:      layout_loops_ring, nzn_wu_jian_contemplation, lemuel_doored_altar,
          ashenzari_conservatory_becter, kennysheep_generic_room_10
D:7:      cheibrodos_two_vegetables, layout_loops_cross, kennysheep_mini,
          serial_bayou_pond_e, minmay_misc_feat_plants, minmay_misc_feat_doors,
          kennysheep_dice
D:8:      layout_rooms, lemuel_round_altar, yredelemnul_altar_generic,
          old_standard_altar, elyvilon_altar_4, serial_shops, shop
D:9:      layout_basic, lemuel_round_altar, lair_entry_dummy, special_room
          [special_room_orc], amcnicky_mini_corridor_feature, uniq_maggie
D:10:     layout_stronghold, serial_glass, glass_columns_a, glass_columns_a,
          minmay_strange_pillars, feat_on_display,
          minmay_fractal_squares_gapless_5, uniq_snorg
D:11:     layout_basic
Temple:   corrupted_temple
Lair:1:   layout_regular_city

Skill      XL: |  1  2  3  4  5  6  7  8  9 10 11 |
---------------+----------------------------------+-----
Dodging        | 2 3 4 5 6 7 |  7.4
Fighting       | 1 4 5 7 8 9 10 | 10.6
Armour         | 1 2 3 4 6 |  6.0
Axes           | 3 5 6 8 |  8.2
Invocations    | 1 4 6 8 |  8.7
Shields        | 3 4 |  4.0
Evocations     | 2 |  2.9
Conjurations   | 4 |  4.0
Stealth        | |  2.4
Spellcasting   | |  2.1

Action                   |  1- 3 |  4- 6 |  7- 9 | 10-12 || total
-------------------------+-------+-------+-------+-------++-------
Melee: Unarmed           |    11 |       |       |       ||    11
       Spear             |    54 |   108 |    64 |       ||   226
       Broad axe         |       |       |   183 |   214 ||   397
       Battleaxe         |       |       |       |    74 ||    74
 Cast: Magic Dart        |    52 |       |     2 |     8 ||    62
       Searing Ray       |     2 |    20 |    40 |    34 ||    96
Invok: Stomp             |       |       |     1 |    12 ||    13
Evoke: Wand              |       |       |    10 |     8 ||    18
       Tin of tremorston |       |       |       |     2 ||     2
  Use: Scroll            |     2 |       |     3 |     1 ||     6
       Potion            |       |     1 |       |     9 ||    10
 Stab: Sleeping          |     4 |     2 |     1 |     2 ||     9
       Paralysed         |       |       |       |    13 ||    13
       Distracted        |       |       |       |     1 ||     1
Armor: Robe              |    20 |    23 |       |       ||    43
       Ring mail         |       |     3 |   139 |    51 ||   193
       Steam dragon scal |       |       |       |    67 ||    67
       Skin              |       |       |       |    16 ||    16
       Scale mail        |       |       |       |    15 ||    15
       Plate armour      |       |       |       |     7 ||     7
Dodge: Dodged            |    59 |    84 |   302 |   357 ||   802
Block: Buckler           |       |       |       |    93 ||    93
